 Dungeon Crawl Stone Soup version 0.30-a0-373-gd37427b (webtiles) character file.

Game seed: 4546777427598206778

3119 Dorkslayer the Spear-Bearer (level 9, -5/74 HPs)
             Began as a Merfolk Fighter on Nov 24, 2022.
             Was an Initiate of Gozag.
             Slain by a troll (10 damage)
             ... on level 7 of the Dungeon.
             The game lasted 00:19:58 (6097 turns).

Dorkslayer the Spear-Bearer (Merfolk Fighter)       Turns: 6097, Time: 00:20:00

Health: -5/74      AC: 11    Str: 19    XL:     9   Next: 91%
Magic:  9/9        EV:  7    Int:  9    God:    Gozag
Gold:   329        SH:  9    Dex: 13    Spells: 8/8 levels left

rFire   . . .      SeeInvis .    a - +1 trident
rCold   . . .      Faith    .    r - +0 kite shield
rNeg    . . .      Spirit   .    c - +0 chain mail
rPois   .          Reflect  .    (no helmet)
rElec   .          Harm     .    b - +0 cloak
rCorr   .          Rampage  .    (no gloves)
Will    +....                    d - +0 pair of boots
Stlth   ..........               (no amulet)
HPRegen 0.32/turn                h - +4 ring of slaying
MPRegen 0.11/turn                n - ring of willpower

@: gold aura, studying Fighting, invisible
A: (nimble swimmer 2), mertail
a: Renounce Religion, Potion Petition, Call Merchant, Bribe Branch


You were on level 7 of the Dungeon.
You worshipped Gozag.
Gozag was aware of your devotion.
You visited 2 branches of the dungeon, and saw 8 of its levels.

You collected 707 gold pieces.
You spent 308 gold pieces at shops.
You paid 70 gold pieces to Gozag.

Inventory:

Hand Weapons
 a - a +1 trident (weapon)
Armour
 b - a +0 cloak (worn)
 c - a +0 chain mail (worn)
 d - a +0 pair of boots (worn)
 p - a +0 helmet
 r - a +0 kite shield (worn)
Jewellery
 h - a +4 ring of slaying (left hand)
 n - a ring of willpower (right hand)
Scrolls
 i - 3 scrolls of teleportation
 j - a scroll of poison
 m - a scroll of amnesia
 u - a scroll of fog
Potions
 e - a potion of attraction
 f - 3 potions of resistance
 k - a potion of mutation
 l - 2 potions of cancellation {unknown}
 s - a potion of berserk rage {unknown}
 t - 3 potions of flight
 v - 2 potions of lignification {unknown}


   Skills:
 * Level 8.2 Fighting
 + Level 10.5 Polearms
 + Level 4.3 Armour
 + Level 4.0 Dodging
 + Level 3.2 Stealth
 + Level 5.0 Shields
 * Level 5.1 Evocations


You had 8 spell levels left.
You didn't know any spells.
Your spell library contained the following spells:

 Spells                   Type           Power      Damage    Failure   Level
 Apportation              Tloc           0%         N/A       100%        1
 Ensorcelled Hibernation  Hex/Ice        0%         N/A       100%        2
 Spider Form              Tmut/Pois      0%         N/A       100%        3
 Stone Arrow              Conj/Erth      0%         3d7       100%        3
 Anguish                  Hex/Necr       0%         N/A       100%        4
 Animate Armour           Summ/Erth      0%         N/A       100%        4
 Alistair's Intoxication  Tmut/Pois      0%         N/A       100%        5
 Lehudib's Crystal Spear  Conj/Erth      0%         10d2      100%        8


Dungeon Overview and Level Annotations

Branches:
Dungeon (7/15)             Temple (1/1) D:5

Altars:
Ashenzari
Cheibriados
Dithmenos
Elyvilon
Fedhas
Gozag
Hepliaklqana
Makhleb
Nemelex Xobeh
Okawaru
Qazlal
Ru
Wu Jian
Xom
Zin
The Shining One

Shops:
D:1 !

Annotations:
D:5 1 runed translucent door, Crazy Yiuf


Innate Abilities, Weirdness & Mutations

((You are very nimble when in or above water. (Stealth+, EV+, Speed+++)))
Your lower body shifts to a powerful aquatic tail in water.


Message History

You block the ice beast's attack. The troll bites you but does no damage.
You block the troll's attack. The troll claws you but does no damage.
You puncture the ice beast!
The ice beast is almost dead.
The troll bites you! You block the troll's attack. The troll claws you.
* * * LOW HITPOINT WARNING * * *
The ice beast hits you but does no damage.
You puncture the ice beast!
You kill the ice beast!
You block the troll's attack. The troll claws you but does no damage.
The troll claws you.
* * * LOW HITPOINT WARNING * * *
You feel better. The troll bites you. The troll claws you.
* * * LOW HITPOINT WARNING * * *
The troll claws you!
* * * LOW HITPOINT WARNING * * *
You fade into invisibility!
You block the troll's attack. The troll claws you but does no damage.
You block the troll's attack.
You see here 10 gold pieces.
You feel better.
An orc comes into view. It is wielding a +0 club.
The troll bites you!
* * * LOW HITPOINT WARNING * * *
The troll claws you.
* * * LOW HITPOINT WARNING * * *
The troll claws you.
* * * LOW HITPOINT WARNING * * *
Found 6 stones.
The orc shouts!
The orc shouts!
The orc is distracted by your dazzling golden aura.
You catch the helpless troll completely off-guard!
You puncture the troll!
The troll is moderately wounded.
The orc shouts!
The troll barely misses you. The troll claws you but does no damage.
The troll claws you!
You die...
Your body crumbles into a pile of gold.

#.....# '.._..+ #....
#.....# #.(... ## #.###.#
...... .### #.....# ......
...##
#'###+#.......o##....#
#.........##.....)..
..................##
...><......>....@..#
................T..#
.....##........#$### #####
...............#...## #...#
....................###...#
......#..............#....#
.....###.............#...##
....###..............##...#
.####
............#..##..###


You could see a troll (unable to see you) and an orc (wandering, unable to see
you).

Vanquished Creatures
  Pikel (D:6)
  Grinder (D:6)
  A hornet (D:6)
  Sigmund (D:2)
  Edmund (D:6)
  A water moccasin (D:6)
  2 black bears
  2 ice beasts
  2 sky beasts (D:6)
  An ogre (D:5)
  A centaur (D:6)
  2 phantoms
  A necrophage (D:5)
  2 bullfrogs (D:6)
  3 scorpions
  A howler monkey (D:6)
  2 jellies (D:6)
  6 hounds
  3 orc priests
  2 iguanas (D:5)
  Terence (D:2)
  4 orc wizards
  8 adders
  3 shadow imps
  2 white imps
  An ufetubus (D:5)
  A worm (D:2)
  4 dart slugs
  23 orcs
  9 ball pythons
  7 bats
  9 endoplasms
  4 giant cockroaches
  14 goblins
  8 hobgoblins
  5 jackals
  5 quokkas
  3 frilled lizards
  5 kobolds
  3 rats
155 creatures vanquished.

Vanquished Creatures (others)
  An orc wizard (D:6)
  A fungus (D:5)
2 creatures vanquished.

Grand Total: 157 creatures vanquished

Notes
Turn   | Place    | Note
-------+----------+-------------------------------------------
     0 | D:1      | Dorkslayer the Merfolk Fighter began the quest for the Orb.
     0 | D:1      | Reached XP level 1. HP: 18/18 MP: 1/1
    91 | D:1      | Reached XP level 2. HP: 23/24 MP: 2/2
    98 | D:1      | Reached skill level 1 in Dodging
   174 | D:1      | Found Enatol's Distillery.
   239 | D:1      | Reached skill level 3 in Polearms
   239 | D:1      | Reached XP level 3. HP: 29/29 MP: 3/3
   607 | D:2      | Reached XP level 4. HP: 30/37 MP: 4/4
   653 | D:2      | Noticed Sigmund
   663 | D:2      | Killed Sigmund
   664 | D:2      | Reached skill level 5 in Polearms
   664 | D:2      | Reached XP level 5. HP: 38/43 MP: 5/5
   711 | D:2      | Noticed Terence
   717 | D:2      | Killed Terence
   718 | D:2      | Reached XP level 6. HP: 49/49 MP: 6/6
  1130 | D:2      | Found a sparkling altar of Nemelex Xobeh.
  1517 | D:3      | Found a faded altar of an unknown god.
  1628 | D:3      | Reached skill level 1 in Evocations
  2205 | D:4      | Reached skill level 6 in Polearms
  2205 | D:4      | Reached XP level 7. HP: 53/55 MP: 7/7
  3325 | D:5      | Entered Level 5 of the Dungeon
  3325 | D:5      | Found a staircase to the Ecumenical Temple.
  3335 | Temple   | Entered the Ecumenical Temple
  3410 | Temple   | Became a worshipper of Gozag Ym Sagoz the Greedy
  3780 | D:5      | Reached skill level 7 in Polearms
  3780 | D:5      | Reached XP level 8. HP: 61/61 MP: 8/8
  3805 | D:5      | Reached skill level 5 in Fighting
  3933 | D:5      | Found a runed translucent door.
  3934 | D:5      | Noticed Crazy Yiuf
  3980 | D:5      | Reached skill level 8 in Polearms
  3987 | D:5      | Reached skill level 1 in Stealth
  4269 | D:5      | Found a white marble altar of Elyvilon.
  4274 | D:5      | Found a hazy altar of Hepliaklqana.
  4281 | D:5      | Found a burning altar of Makhleb.
  4416 | D:1      | Bought 2 potions of invisibility for 224 gold pieces
  4416 | D:1      | Bought a potion of flight for 42 gold pieces
  4416 | D:1      | Bought a potion of curing for 42 gold pieces
  4559 | D:6      | Noticed Grinder
  4584 | D:6      | Killed Grinder
  4762 | D:6      | Noticed Edmund
  4780 | D:6      | Killed Edmund
  4781 | D:6      | Reached skill level 9 in Polearms
  4781 | D:6      | Reached XP level 9. HP: 44/69 MP: 9/9
  5217 | D:6      | Noticed a hornet
  5232 | D:6      | Killed a hornet
  5427 | D:6      | Identified the +3 leather armour of Wicked New Discoveries
                  | {Rampage Dex+7}
  5514 | D:6      | Noticed Pikel
  5534 | D:6      | Killed Pikel
  5535 | D:6      | Reached skill level 10 in Polearms
  5535 | D:6      | Reached skill level 5 in Evocations
  5784 | D:7      | Found a snail-covered altar of Cheibriados.
  5792 | D:7      | Noticed a troll
  5921 | D:7      | Found a sacrificial altar of Ru.
  5923 | D:7      | Found a sparkling altar of Nemelex Xobeh.
  5925 | D:7      | Found a stormy altar of Qazlal.
  6006 | D:7      | Reached skill level 5 in Shields
  6097 | D:7      | Slain by a troll

Illustrated notes

Levels and vault maps discovered:
D:1:      dpeg_arrival_radiant, layout_rooms, serial_shops,
          nicolae_shop_advertising_works [nicolae_subvault_shop_adworks],
          minivault_14
D:2:      layout_loops_corners, serial_co_window_serial, co_window_corner_a,
          co_window_corner_a, co_window_paths_b, co_window_corner_a,
          co_window_paths_b, co_window_corner_a, co_window_cross_4,
          co_window_corner_b, co_window_unsneaky_path_e, co_window_corner_b,
          co_window_paths_c, glass_columns_a, glass_columns_a, glass_columns_a,
          glass_columns_b, glass_columns_a, basic_altar, uniq_terence,
          uniq_sigmund
D:3:      layout_rooms, nicolae_ecumenical_pavilion, minmay_liquid_box
D:4:      layout_layer_cave, minmay_crossroads
D:5:      layout_loops_ring, minmay_overflow_temple_star_quad,
          minmay_temple_entry_gardened_gates, minmay_fractal_squares_diagonal_5,
          uniq_crazy_yiuf_cottage
D:6:      layout_loops_ring, minmay_manual_maat, uniq_edmund, uniq_grinder,
          uniq_pikel
D:7:      corexii_shack_village, layout_cave_pools,
          grunt_temple_overflow_diamond, mainiacjoe_overflow_six_doors_small,
          enter_bailey_2, grunt_decor_clamped
Temple:   hellmonk_temple_forest_ring

Skill      XL: |  1  2  3  4  5  6  7  8  9 |
---------------+----------------------------+-----
Dodging        | 1 3 4 |  4.0
Polearms       | 3 5 6 7 9 10 | 10.5
Fighting       | 4 5 8 |  8.2
Evocations     | 2 3 4 5 |  5.1
Armour         | 3 4 |  4.3
Stealth        | 2 3 |  3.2
Shields        | 4 5 |  5.0

Action                   |  1- 3 |  4- 6 |  7- 9 || total
-------------------------+-------+-------+-------++-------
Melee: Trident           |    86 |   101 |   294 ||   481
       Tailslap          |     2 |       |       ||     2
Evoke: Wand              |       |     4 |     7 ||    11
  Use: Potion            |       |     3 |    14 ||    17
       Scroll            |       |     3 |     8 ||    11
 Stab: Invisible         |       |       |     7 ||     7
       Distracted        |       |       |     2 ||     2
Armor: Scale mail        |    31 |    27 |     8 ||    66
       Chain mail        |       |       |   102 ||   102
Dodge: Dodged            |    31 |    26 |    60 ||   117
Block: Buckler           |    10 |    17 |       ||    27
       Kite shield       |       |       |   110 ||   110

Table legend: (Time is in decaauts)
 A = Elapsed time spent in this place.
 B = Non-inter-level travel time spent in this place.
 C = Inter-level travel time spent in this place.
 D = Time resting spent in this place.
 E = Time spent auto-exploring this place.
 F = Levels seen in this place.
 G = Mean time per level.
                   A        B        C        D        E       F      G
               +--------+--------+--------+--------+--------+-----+--------+
         Total |   6103 |   5870 |    233 |    365 |   2638 |   8 |  762.9 |
       Dungeon |   6005 |   5772 |    233 |    365 |   2580 |   7 |  857.9 |
        Temple |     97 |     97 |      0 |      0 |     58 |   1 |   97.0 |
               +--------+--------+--------+--------+--------+-----+--------+

Top non-repeatable levels by time:
     D:6: 1240 daAuts
     D:4: 1200 daAuts
     D:2: 1057 daAuts
     D:5: 937 daAuts
     D:3: 714 daAuts
     D:1: 530 daAuts
     D:7: 323 daAuts
  Temple: 97 daAuts
